 Dungeon Crawl Stone Soup version 0.29-a0-9-g022ca4c890 (webtiles) character file.

Game seed: 6290956883615614709

193 MacCMillion the Chopper (level 5, -1/38 (47) HPs)
             Began as a Minotaur Fighter on Jan 28, 2022.
             Slain by Duvessa (8 damage)
             ... on level 4 of the Dungeon.
             The game lasted 00:04:02 (2883 turns).

MacCMillion the Chopper (Minotaur Fighter)          Turns: 2883, Time: 00:04:03

HP:   -1/38 (47)    AC:  7    Str: 23    XL:     5   Next: 44%
MP:   4/4           EV: 10    Int:  5    God:
Gold: 123           SH:  4    Dex:  9    Spells: 4/4 levels left

rFire   . . .      SeeInvis .   a - +1 war axe
rCold   . . .      Faith    .   c - +0 buckler
rNeg    . . .      Spirit   .   b - +0 scale mail
rPois   .          Reflect  .   (helmet restricted)
rElec   .          Harm     .   (no cloak)
rCorr   .          Rampage  .   (no gloves)
Will    .....                   (no boots)
Stlth   ..........              (no amulet)
HPRegen 0.12/turn               (no ring)
MPRegen 0.09/turn               (no ring)

@: silenced, heavily drained
A: horns 2, retaliatory headbutt
a: no special abilities


You were on level 4 of the Dungeon.
You visited 1 branch of the dungeon, and saw 4 of its levels.

You collected 123 gold pieces.

Inventory:

Hand Weapons
 a - a +1 war axe (weapon)
Missiles
 i - 6 poisoned darts (quivered)
 j - 5 boomerangs
 u - 3 boomerangs of dispersal
Armour
 b - a +0 scale mail (worn)
 c - a +0 buckler (worn)
Jewellery
 s - a ring of resist corrosion
Scrolls
 e - a scroll of enchant weapon
 l - a scroll of identify
 r - 2 scrolls of teleportation {unknown}
 t - 3 scrolls of enchant armour {unknown}
Potions
 d - 2 potions of might
 f - a potion of haste {unknown}
 g - 3 potions of flight
 h - a potion of heal wounds {unknown}
 k - a potion of ambrosia {unknown}
 m - a potion of mutation {unknown}
 p - a potion of brilliance {unknown}


   Skills:
 + Level 4.5 Fighting
 * Level 4.7 Axes
 + Level 4.5 Armour
 + Level 2.2 Dodging
 - Level 4.0 Shields


You had 4 spell levels left.
You didn't know any spells.
Your spell library contained the following spells:

 Spells                   Type           Power      Damage    Failure   Level
 Sandblast                Erth           0%         2d4       86%         1
 Passwall                 Tmut/Erth      0%         N/A       95%         2
 Static Discharge         Conj/Air       0%         N/A       95%         2
 Stone Arrow              Conj/Erth      0%         3d7       99%         3
 Animate Dead             Necr           0%         N/A       100%        4
 Dispel Undead            Necr           0%         3d6       100%        4
 Sticky Flame             Conj/Fire      0%         2d3       100%        4
 Borgnjor's Vile Clutch   Necr/Erth      0%         N/A       100%        5
 Death Channel            Necr           0%         N/A       100%        6


Dungeon Overview and Level Annotations

Branches:
Dungeon (4/15)
 Temple: D:4-7

Altars:
The Shining One

Shops:
D:1 [

Annotations:
D:4 Dowan, Duvessa


Innate Abilities, Weirdness & Mutations

You have a pair of horns on your head.
You reflexively headbutt those who attack you in melee.


Message History

You barely miss Duvessa.
Duvessa is lightly wounded.
Duvessa hits you with a +4 short sword of draining.
You feel drained.
Duvessa hits you with a +4 short sword of draining!
You feel drained.
Unknown command.
Dowan points at Duvessa and mumbles some strange words.
Duvessa seems to speed up.
Duvessa hits you with a +4 short sword of draining.
* * * LOW HITPOINT WARNING * * *
You feel drained.
* * * LOW HITPOINT WARNING * * *
Okay, then.
As you read the scroll labelled WUMORO VAIRAI, it crumbles to dust.
It is a scroll of identify.
g - 3 potions of flight Duvessa barely misses you.
As you read the scroll labelled EJATWA CIRIQADU, it crumbles to dust.
It is a scroll of enchant weapon.
Your +0 war axe glows red for a moment.
Duvessa hits you with a +4 short sword of draining.
* * * LOW HITPOINT WARNING * * *
You feel drained.
Dowan gestures wildly while chanting.
Dowan blinks!
Duvessa hits you but does no damage.
You feel drained. Dowan misses you. Duvessa barely misses you.
You furiously retaliate!
You headbutt Duvessa, but do no damage.
Okay, then.
Blink to where?
Press: ? - help, Dir - move target
As you read the scroll labelled DUANEREMOM, it crumbles to dust.
It was a scroll of blinking.
As you read the scroll labelled VIKHIUFUREM, it crumbles to dust.
The scroll dissolves into smoke.
It was a scroll of fog.
As you read the scroll labelled ZATARI FUTT, it crumbles to dust.
A profound silence engulfs you.
It was a scroll of silence.
Duvessa hits you with a +4 short sword of draining!
You die...

#.# #.# ########
#####.### ##.###.....(.
#...e...###...##.#####.
#.###.#.##.....#.#####.
#.# #.#.###...##..^.##.
#.# #.#§###.........##.
#.# #..§§...####.).....
#.#####e##### #.#####.
#...§§@§# #.#####.
######### #.......
########


You could see Duvessa (fast).

Vanquished Creatures
  A necrophage (D:4)
  A hound skeleton (D:4)
  2 adders
  3 dart slugs
  5 orcs (D:4)
  4 ball pythons
  6 endoplasms
  2 giant cockroaches
  5 goblins
  8 hobgoblins
  A quokka (D:3)
  6 bats
  8 frilled lizards
  6 kobolds
  6 rats
  A spectral goblin (D:2)
65 creatures vanquished.

Notes
Turn   | Place    | Note
-------+----------+-------------------------------------------
     0 | D:1      | MacCMillion the Minotaur Fighter began the quest for the
                  | Orb.
     0 | D:1      | Reached XP level 1. HP: 19/19 MP: 0/0
   269 | D:1      | Reached XP level 2. HP: 27/27 MP: 1/1
   524 | D:1      | Found Uchoutsih's Armour Emporium.
   785 | D:2      | Reached XP level 3. HP: 16/33 MP: 2/2
   976 | D:2      | Reached skill level 1 in Dodging
  1166 | D:2      | Found a faded altar of an unknown god.
  2159 | D:3      | Found a glowing golden altar of the Shining One.
  2227 | D:3      | Reached XP level 4. HP: 39/40 MP: 3/3
  2578 | D:4      | Noticed a necrophage
  2590 | D:4      | Killed a necrophage
  2591 | D:4      | Reached XP level 5. HP: 46/47 MP: 4/4
  2865 | D:4      | Noticed Duvessa
  2865 | D:4      | Noticed Dowan
  2883 | D:4      | Slain by Duvessa

Illustrated notes

Levels and vault maps discovered:
D:1:      eino_arrival_druids_welcome, layout_loops_ring, serial_shops,
          nicolae_shop_window_shopping
D:2:      layout_basic, dreamdust_ecumenical_altar_drowned_temple
D:3:      layout_basic, general_overflow_altar
D:4:      layout_loops_corners, serial_bayou_lagoon_a, uniq_duvessa

Skill      XL: |  1  2  3  4 |
---------------+-------------+-----
Shields        | 4 |  4.0
Axes           | 3 4 |  4.7
Dodging        | 1 2 |  2.2
Fighting       | 4 |  4.5
Armour         | 4 |  4.5

Action                   |  1- 3 |  4- 6 || total
-------------------------+-------+-------++-------
Melee: War axe           |   110 |    30 ||   140
       Headbutt          |     8 |     3 ||    11
  Use: Potion            |     1 |       ||     1
       Scroll            |       |     5 ||     5
Armor: Scale mail        |    40 |    10 ||    50
Dodge: Dodged            |    60 |    12 ||    72
Block: Buckler           |    20 |     5 ||    25

Table legend: (Time is in decaauts)
 A = Elapsed time spent in this place.
 B = Non-inter-level travel time spent in this place.
 C = Inter-level travel time spent in this place.
 D = Time resting spent in this place.
 E = Time spent auto-exploring this place.
 F = Levels seen in this place.
 G = Mean time per level.
                   A        B        C        D        E       F      G
               +--------+--------+--------+--------+--------+-----+--------+
         Total |   2939 |   2854 |     85 |    154 |   2252 |   4 |  734.8 |
       Dungeon |   2939 |   2854 |     85 |    154 |   2252 |   4 |  734.8 |
               +--------+--------+--------+--------+--------+-----+--------+

Top non-repeatable levels by time:
     D:3: 1020 daAuts
     D:2: 872 daAuts
     D:1: 696 daAuts
     D:4: 350 daAuts
